 Dungeon Crawl Stone Soup version 0.29.1-4-g47bece8355 (webtiles) character file.

Game seed: 1397394089374363750

10222 cowcol the Cleaver (level 11, -3/95 HPs)
             Began as a Green Draconian Berserker on Dec 11, 2022.
             Was an Elder of Trog.
             Killed from afar by an electric eel (10 damage)
             ... with a bolt of electricity
             ... on level 12 of the Dungeon.
             The game lasted 00:38:58 (13621 turns).

cowcol the Cleaver (Green Draconian Berserker)     Turns: 13621, Time: 00:38:59

Health: -3/95      AC:  7    Str: 27    XL:     11   Next: 33%
Magic:  11/11      EV: 15    Int:  7    God:    Trog [****..]
Gold:   377        SH:  0    Dex: 18    Spells: 10/10 levels left

rFire   . . .      SeeInvis .   c - +0 war axe (flame)
rCold   . . .      Faith    .   (no shield)
rNeg    . . .      Spirit   .   (body armour unavailable)
rPois   +          Reflect  .   (helmet restricted)
rElec   .          Harm     .   (no cloak)
rCorr   .          Rampage  .   (no gloves)
Will    .....                   (no boots)
Stlth   +++.......              (no amulet)
HPRegen 0.25/turn               n - ring "Kudosem" {Str+6 Dex+4}
MPRegen 0.12/turn               x - +4 ring of slaying

@: mighty, short of breath, marked, hasted, very quick
A: breathe noxious fumes, AC +7, unfitting armour, poison resistance,
cold-blooded
a: Breathe Noxious Fumes, Renounce Religion, Berserk, Trog's Hand, Brothers in
Arms


You were on level 12 of the Dungeon.
You worshipped Trog.
Trog was greatly pleased with you.
You visited 1 branch of the dungeon, and saw 12 of its levels.

You collected 572 gold pieces.
You spent 195 gold pieces at shops.

Inventory:

Hand Weapons
 a - a +1 hand axe
 c - a +0 war axe of flaming (weapon)
 d - a +0 club
 i - a +0 halberd
 l - a +0 falchion
 o - a +0 spear
 A - a +2 scimitar of flaming
 E - a +0 long sword
 F - a +0 dire flail
 L - a +0 morningstar
 N - a +3 flail
 O - a +0 great sword
 P - a +0 battleaxe
 R - a +4 scimitar of flaming
Missiles
 e - 85 stones
 D - 12 boomerangs (quivered)
 J - 4 throwing nets
Jewellery
 k - a ring of see invisible
 n - the ring "Kudosem" (left hand) {Str+6 Dex+4}
   (You acquired it on level 4 of the Dungeon)

   [ring of strength]

   Str:       It affects your strength (+6).
   Dex:       It affects your dexterity (+4).
 x - a +4 ring of slaying (right hand)
 B - a +6 ring of intelligence
 G - a ring of ice
 M - a +6 ring of strength
Wands
 y - a wand of paralysis (8)
 z - a wand of flame (2)
 T - a wand of mindburst (2)
Scrolls
 p - 3 scrolls of fear
 s - a scroll of butterflies
 w - 3 scrolls of enchant armour
 I - 2 scrolls of enchant weapon
 Q - a scroll of poison
 S - a scroll of immolation {unknown}
 U - a scroll of blinking {unknown}
Potions
 b - a potion of curing
 f - 3 potions of haste
 g - 2 potions of degeneration {unknown}
 h - 2 potions of flight {unknown}
 j - 3 potions of lignification {unknown}
 m - 5 potions of might
 r - a potion of attraction {unknown}
 t - 3 potions of magic {unknown}
 u - 2 potions of mutation {unknown}
 v - a potion of ambrosia {unknown}
 H - a potion of invisibility {unknown}
 K - a potion of brilliance {unknown}


   Skills:
 + Level 8.9 Fighting
 * Level 8.2 Long Blades
 * Level 11.6 Axes
 - Level 2.0 Throwing
 + Level 6.3 Dodging
 + Level 5.1 Stealth
 + Level 0.2 Evocations


You had 10 spell levels left.
You didn't know any spells.
Your spell library contained the following spells:

 Spells                   Type           Power      Damage    Failure   Level
 Portal Projectile        Hex/Tloc       0%         N/A       80%         3
 Tukima's Dance           Hex            0%         N/A       80%         3
 Blade Hands              Tmut           0%         N/A       100%        5


Dungeon Overview and Level Annotations

Branches:
Dungeon (12/15)            Temple (0/1) D:5            Lair (0/5) D:10
    Orc (0/2) D:10

Altars:
Ashenzari
Dithmenos
Hepliaklqana
Kikubaaqudgha
Ru
Trog
Uskayaw
Vehumet
Wu Jian
Zin

Shops:
D:6 ((*

Annotations:
D:5 2 runed translucent doors, Caestello's ghost, novice FoFi
D:10 exclusion: 2 oklob plants


Innate Abilities, Weirdness & Mutations

You can breathe blasts of noxious fumes.
Your lurid green scales are hard. (AC +7)
You cannot fit into any form of body armour.
Your system is resistant to poisons. (rPois)
You are cold-blooded and may be slowed by cold attacks.


Message History

The boulder beetle leaps!
You are confused.
You feel very mighty all of a sudden.
The boulder beetle curls into a ball and begins rolling!
An orc comes into view. It is wielding a +0 club.
You're too confused to move!
You feel much better.
Okay, then.
The boulder beetle hits you!!!
* * * LOW HITPOINT WARNING * * *
The boulder beetle stops rolling and uncurls.
There is a stone staircase leading down, spattered with blood here.
You can't go up here!
The boulder beetle bites you!
* * * LOW HITPOINT WARNING * * *
In your confused state, you trip and fall down the stairs.
* * * LOW HITPOINT WARNING * * *
You climb downwards.
Reactivating autopickup.
Found 3 stones.
There is a stone staircase leading up here.
Okay, then.
You feel much better.
You feel less confused.
You fail to use your ability.
The boulder beetle leaps!
The electric eel shoots out a bolt of lightning at you!
The bolt of electricity hits you!
* * * LOW HITPOINT WARNING * * *
The bolt of electricity hits you.
* * * LOW HITPOINT WARNING * * *
The bolt of electricity hits the electric eel.
The electric eel completely resists.
Okay, then.
You fail to use your ability.
You fail to use your ability.
The electric eel shoots out a bolt of lightning at you!
The bolt of electricity hits you!
* * * LOW HITPOINT WARNING * * *
The bolt of electricity hits you!
You die...

...~.B
~~.~.~#
.~.~.~.
.~.~(~.
.~.~.
.S.##
#.°#
#@# ###


You could see a boulder beetle and an electric eel.

Vanquished Creatures
  Harold (D:11)
  Fannar (D:10)
  Erica (D:10)
  Pikel (D:9)
  Maggie (D:9)
  2 hornets
  9 yaks
  A vampire (D:9)
  A wraith (D:10)
  3 vampire mosquitoes
  3 steam dragons
  A warg (D:10)
  3 water moccasins
  2 ice beasts
  2 sky beasts
  3 orc warriors
  An ogre (D:4)
  7 centaurs
  3 phantoms
  3 kobold brigands
  A gnoll sergeant (D:8)
  2 bullfrogs
  A necrophage (D:6)
  5 wights
  4 scorpions
  6 killer bees (D:8)
  2 howler monkeys (D:10)
  5 hounds
  2 jellies
  2 gnoll boudas
  12 orc priests
  5 iguanas
  15 orc wizards
  Natasha (thrice) (D:3)
  17 gnolls
  12 adders
  2 shadow imps
  A white imp (D:5)
  4 ufetubi
  A worm (D:4)
  A dart slug (D:2)
  42 orcs
  5 ball pythons
  9 endoplasms
  3 giant cockroaches (D:4)
  7 goblins
  9 hobgoblins
  13 jackals
  19 kobolds
  5 quokkas
  7 bats
  3 frilled lizards
  4 rats
278 creatures vanquished.

Vanquished Creatures (collateral kills)
  An orc warrior (D:6)
  An orc priest (D:6)
  A kobold (D:9)
3 creatures vanquished.

Vanquished Creatures (others)
  6 plants (D:10)
6 creatures vanquished.

Grand Total: 287 creatures vanquished

Notes
Turn   | Place    | Note
-------+----------+-------------------------------------------
     0 | D:1      | cowcol the Draconian Berserker began the quest for the Orb.
     0 | D:1      | Reached XP level 1. HP: 19/19 MP: 1/1
   329 | D:1      | Reached XP level 2. HP: 26/26 MP: 2/2
   881 | D:1      | Found a faded altar of an unknown god.
  1134 | D:2      | Reached XP level 3. HP: 33/33 MP: 3/3
  1399 | D:2      | Reached ** piety under Trog
  1983 | D:3      | Reached XP level 4. HP: 34/40 MP: 4/4
  2074 | D:3      | Reached skill level 1 in Long Blades
  2074 | D:3      | Reached skill level 4 in Axes
  2305 | D:3      | Noticed Natasha
  2312 | D:3      | Killed Natasha
  2313 | D:3      | Reached XP level 5. HP: 46/46 MP: 5/5
  2412 | D:3      | Identified a scroll of acquirement
  2419 | D:3      | Found a glowing silver altar of Zin.
  2826 | D:3      | Noticed Natasha
  2831 | D:3      | Killed Natasha
  2854 | D:3      | Found a hazy altar of Hepliaklqana.
  2956 | D:3      | Noticed Natasha
  2963 | D:3      | Killed Natasha
  3049 | D:4      | Reached XP level 6. HP: 53/53 MP: 6/6
  3543 | D:4      | Reached skill level 5 in Axes
  4012 | D:4      | Reached skill level 1 in Stealth
  4372 | D:4      | Reached skill level 5 in Fighting
  4372 | D:4      | Your scales start taking on a lurid green colour.
  4372 | D:4      | Reached XP level 7. HP: 61/61 MP: 7/7
  4372 | D:4      | Gained mutation: Your system is resistant to poisons.
                  | (rPois) [Green Draconian growth]
  4409 | D:4      | Acquired the ring "Kudosem" {Str+6 Dex+4}
  4423 | D:4      | Found an ornate altar of the Wu Jian Council.
  4454 | D:4      | Found a broken altar of Ashenzari.
  4504 | D:5      | Entered Level 5 of the Dungeon
  4596 | D:5      | Found a runed translucent door.
  4601 | D:5      | Noticed Caestello's ghost (novice FoFi)
  4690 | D:5      | Found a runed translucent door.
  4746 | D:5      | Found an ancient bone altar of Kikubaaqudgha.
  4751 | D:5      | Reached *** piety under Trog
  4890 | D:5      | Found a staircase to the Ecumenical Temple.
  4979 | D:5      | Noticed a hornet
  4988 | D:5      | Killed a hornet
  4993 | D:5      | Reached skill level 6 in Axes
  5329 | D:5      | Reached XP level 8. HP: 45/70 MP: 8/8
  5664 | D:6      | Found Ytsio's Antique Weapon Shop.
  5795 | D:6      | Found Relog's Assorted Antiques.
  6070 | D:6      | Found Voleir's Antique Weapon Emporium.
  6079 | D:6      | Bought a glowing war axe for 195 gold pieces
  6218 | D:6      | Reached skill level 7 in Axes
  6395 | D:6      | Reached XP level 9. HP: 78/78 MP: 9/9
  6400 | D:6      | Reached skill level 5 in Dodging
  6773 | D:6      | Reached skill level 8 in Axes
  6904 | D:7      | Reached skill level 5 in Long Blades
  6918 | D:7      | Reached skill level 1 in Throwing
  7327 | D:7      | Reached **** piety under Trog
  7473 | D:7      | Reached skill level 9 in Axes
  8053 | D:8      | Reached XP level 10. HP: 86/86 MP: 10/10
  9249 | D:8      | Found a radiant altar of Vehumet.
  9251 | D:8      | Found a sacrificial altar of Ru.
  9251 | D:8      | Found a shadowy altar of Dithmenos.
  9356 | D:8      | Found a hide-covered altar of Uskayaw.
  9483 | D:9      | Found a bloodstained altar of Trog.
  9988 | D:9      | Noticed Maggie
  9998 | D:9      | Killed Maggie
 10068 | D:9      | Reached skill level 10 in Axes
 10394 | D:9      | Noticed Pikel
 10398 | D:9      | Killed Pikel
 10775 | D:10     | Entered Level 10 of the Dungeon
 10791 | D:10     | Noticed Fannar
 10803 | D:9      | Reached skill level 5 in Stealth
 11295 | D:10     | Noticed an oklob plant
 11421 | D:10     | Killed Fannar
 11422 | D:10     | Reached XP level 11. HP: 76/95 MP: 11/11
 11724 | D:10     | Reached skill level 11 in Axes
 11724 | D:10     | Noticed an oklob plant
 11907 | D:10     | Noticed Erica
 11962 | D:10     | Killed Erica
 12270 | D:10     | Found a staircase to the Orcish Mines.
 12764 | D:10     | Found a staircase to the Lair.
 13548 | D:11     | Noticed a boulder beetle
 13569 | D:11     | Noticed Harold
 13584 | D:11     | Killed Harold
 13599 | D:11     | Noticed a boulder beetle
 13621 | D:12     | Killed from afar by an electric eel

Illustrated notes

Levels and vault maps discovered:
D:1:      nzn_arrival_settlement, layout_basic,
          hellmonk_ecumenical_altar_inner_sanctum, serial_rivers,
          chequers_serial_rivers_micro_c, chequers_serial_rivers_small_b,
          chequers_serial_rivers_micro_b, chequers_serial_rivers_micro_a,
          chequers_serial_rivers_micro_d, chequers_serial_rivers_micro_c
D:2:      layout_basic, chequers_serial_rivers_large_b
D:3:      layout_basic, nicolae_overflow_hidden_temple,
          nzn_hepliaklqana_mist_gate, grunt_ministairs_10, uniq_natasha
D:4:      layout_loops_corners, mainiacjoe_overflow_two_lobes
D:5:      layout_gridville, overflow_temple_1_default,
          minmay_temple_entry_nine_rooms, ebering_ghost_sewer_f
D:6:      minmay_recursive_quarters, layout_basic, serial_shops,
          nicolae_shop_overgrown_old_shop, nicolae_lakefront_shop, shop_statue,
          minivault_5
D:7:      corexii_shack_village, layout_rooms
D:8:      layout_rooms, grunt_temple_overflow_diamond,
          nicolae_uskayaw_murder_on_the_dancefloor
D:9:      layout_rooms, amcnicky_altar_gilded, uniq_maggie, uniq_pikel
D:10:     layout_basic, dpeg_oklobed_lair, david_orc_3,
          kennysheep_generic_room_15, uniq_erica, uniq_fannar
D:11:     layout_loops_cross, uniq_harold
D:12:     layout_basic, nicolae_ru_sacrificial_ziggurat

Skill      XL: |  1  2  3  4  5  6  7  8  9 10 11 |
---------------+----------------------------------+-----
Dodging        | 3 4 5 6 |  6.3
Fighting       | 4 5 6 7 8 |  8.9
Long Blades    | 1 2 3 4 6 7 8 |  8.2
Axes           | 4 5 6 7 9 10 11 | 11.6
Stealth        | 1 3 4 5 |  5.1
Throwing       | 1 2 |  2.0
Evocations     | |  0.2

Action                   |  1- 3 |  4- 6 |  7- 9 | 10-12 || total
-------------------------+-------+-------+-------+-------++-------
Melee: Hand axe          |   114 |   129 |    71 |       ||   314
       Tailslap          |    16 |    17 |    29 |    28 ||    90
       Punch             |       |     3 |     2 |     1 ||     6
       War axe           |       |       |   118 |   147 ||   265
       Scimitar          |       |       |       |    26 ||    26
Throw: Throwing net      |     1 |       |       |       ||     1
       Stone             |     7 |     2 |     3 |       ||    12
       Boomerang         |       |       |    21 |    17 ||    38
Invok: Berserk           |     3 |     4 |    11 |     9 ||    27
       Brothers in Arms  |       |       |       |     1 ||     1
 Abil: Breathe Noxious F |       |       |    16 |     7 ||    23
Evoke: Wand              |       |       |       |     6 ||     6
  Use: Scroll            |     5 |     2 |     2 |     9 ||    18
       Potion            |       |       |       |     8 ||     8
 Stab: Sleeping          |       |     1 |     1 |     2 ||     4
       Confused          |       |       |    10 |       ||    10
Armor: Skin              |    34 |    31 |    47 |    37 ||   149
Dodge: Dodged            |    72 |    74 |   161 |   114 ||   421
